 Dungeon Crawl Stone Soup version 0.28.0-45-g0d030f2227 (webtiles) character file.

Game seed: 4128123411537783761

4875 nickcage the Arsonist (level 10, -1/50 HPs)
             Began as a Deep Elf Fire Elementalist on Apr 11, 2022.
             Was a Follower of Vehumet.
             Killed from afar by a gargoyle (25 damage)
             ... with a stone arrow
             ... on level 8 of the Dungeon.
             The game lasted 00:50:43 (12554 turns).

nickcage the Arsonist (Deep Elf Fire Elementalist) Turns: 12554, Time: 00:50:43

Health: -1/50      AC:  7    Str:  5    XL:     10   Next: 26%
Magic:  21/21      EV: 13    Int: 25    God:    Vehumet [*.....]
Gold:   342        SH:  0    Dex: 24    Spells: 9/21 levels left

rFire   . . .      SeeInvis .   m - +2 flail (holy)
rCold   . . .      Faith    .   F - orb {light}
rNeg    . . .      Spirit   .   a - +0 robe
rPois   .          Reflect  .   (no helmet)
rElec   .          Harm     .   G - +1 cloak
rCorr   .          Rampage  .   t - +1 pair of gloves {Dex+3}
Will    +....                   f - +0 pair of boots
Stlth   +.........              (no amulet)
HPRegen 0.16/turn               c - ring of wizardry
MPRegen 0.17/turn               v - +6 ring of dexterity

@: glowing
A: no striking features
a: Renounce Religion


You were on level 8 of the Dungeon.
You worshipped Vehumet.
Vehumet was aware of your devotion.
You visited 2 branches of the dungeon, and saw 9 of its levels.

You collected 540 gold pieces.
You spent 198 gold pieces at shops.

Inventory:

Hand Weapons
 d - the +9 flail of Res Faarph {speed, rN+++ rCorr MP-9 Dex-5}
   (You took it off an orc on level 8 of the Dungeon)

   Attacks with this weapon are significantly faster.
   Dex:       It affects your dexterity (-5).
   rN:        It renders you almost immune to negative energy.
   MP:        It affects your magic capacity (-9).
   rCorr:     It protects you from acid and corrosion.
 m - a +2 flail of holy wrath (weapon)
 u - a +2 vorpal spear
Armour
 a - a +0 robe (worn)
 f - a +0 pair of boots (worn)
 t - a +1 pair of gloves of dexterity (worn)
 C - a +0 buckler
 F - an orb of light (worn)
 G - a +1 cloak (worn)
Magical Staves
 h - a staff of cold
Jewellery
 c - a ring of wizardry (left hand)
 g - a ring of poison resistance
 v - a +6 ring of dexterity (right hand)
 y - a +4 ring of protection
 z - a ring of resist corrosion
 A - an amulet of regeneration
 B - a ring of positive energy
 E - a ring of flight
Wands
 i - a wand of iceblast (7)
 r - a wand of charming (7)
 x - a wand of paralysis (7)
Scrolls
 b - a scroll of summoning {unknown}
 e - 4 scrolls of identify
 k - a scroll of magic mapping
 o - a scroll of enchant armour
 p - 2 scrolls of fear
 q - a scroll of teleportation
 D - a scroll of torment {unknown}
 H - a scroll of enchant weapon {unknown}
Potions
 j - a potion of heal wounds {unknown}
 l - a potion of might
 n - 3 potions of mutation
 s - 3 potions of brilliance {unknown}
 w - 2 potions of attraction
 I - a potion of curing {unknown}


   Skills:
 - Level 2.4 Dodging
 - Level 2.4 Stealth
 - Level 6.1 Spellcasting
 * Level 6.8 Conjurations
 + Level 14.4 Fire Magic
 - Level 2.0 Poison Magic


You had 9 spell levels left.
You knew the following spells:

 Your Spells              Type           Power      Damage    Failure   Level
b - Scorch                Fire           100%       2d10      1%          2
c - Conjure Flame         Conj/Fire      57%        6-21      1%          3
d - Flame Wave            Conj/Fire      57%        2d11      1%          4
e - Mephitic Cloud        Conj/Pois/Air  22%        N/A       2%          3

Your spell library contained the following spells:

 Spells                   Type           Power      Damage    Failure   Level
 Freeze                   Ice            28%        1d5       3%          1
 Foxfire                  Conj/Fire      100%       2x1d9     1%          1
 Magic Dart               Conj           100%       1d8       1%          1
 Inner Flame              Hex/Fire       43%        N/A       1%          3
 Call Imp                 Summ           7%         N/A       4%          2
 Chain Lightning          Conj/Air       12%        3d16      100%        9
 Fire Storm               Conj/Fire      28%        8d7       100%        9
 Shatter                  Erth           3%         3d7*      100%        9


Dungeon Overview and Level Annotations

Branches:
Dungeon (8/15)             Temple (1/1) D:6
   Lair: D:8-11

Altars:
Ashenzari
Cheibriados
Dithmenos
Elyvilon
Fedhas
Hepliaklqana
Kikubaaqudgha
Makhleb
Nemelex Xobeh
Okawaru
Qazlal
Sif Muna
Trog
Uskayaw
Vehumet
Wu Jian
Xom
Yredelemnul
The Shining One

Shops:
D:1 !   D:4 *


Message History

Flames lash the wyvern.
The wyvern is heavily wounded.
The wyvern's fire resistance burns away.
The ice beast misses you.
Flames lash the wyvern.
The wyvern is burned terribly!
You kill the wyvern!
Vehumet accepts your kill. The ice beast closely misses you.
Flames lash the ice beast.
The ice beast melts!
You kill the ice beast!
Vehumet accepts your kill.
You feel your power returning.
HP restored.
A gnoll is nearby!
Flames lash the gnoll.
The gnoll shouts!
The gnoll is heavily wounded.
The gnoll's fire resistance burns away.
Flames lash the gnoll.
The gnoll is burned terribly!
You kill the gnoll!
Vehumet accepts your kill.
Things that are here:
a +0 halberd; a gnoll corpse
Found a ring mail.
You now have 327 gold pieces (gained 16).
You now have 342 gold pieces (gained 15).
You see here a wyvern corpse.
A gargoyle comes into view. It is wielding a +0 flail.
Found 7 gold pieces.
A gargoyle is nearby!
A gargoyle comes into view. It is wielding a +0 dire flail.
Found a scroll labelled GIJUXI NIURPH.
The gargoyle hurls a stone arrow at you.
The stone arrow hits you!!
Ouch! That really hurt!
You are too injured to fight recklessly!
The gargoyle hurls a stone arrow at you.
The stone arrow hits you!!
Ouch! That really hurt!
You die...

###.........########.###.#[..
###..............g...#.###..[[.
#...#######...#..g.......###)..
##9###8###8###.#.#####....###...
#..#8##'.'##8#...# #....[..###
#.###'.....'###..# #.........#
#.#(#.......#8#..######..##....#
#.##'...........................
#.##....8......@.######..##.....
#.##'......9.....# ##...#.....
#9#$#...9...#8#..# #..........
#.###'.....'###..# ###..........
#..#?##'.'##8#...###.........###
##.###$### ###...##........#....
#...#######....#..........#...#
###....[...........#####.###...
#####.....#..#......##.###.##


You could see 2 gargoyles.

Vanquished Creatures
  2 gargoyles (D:8)
  Prince Ribbit (D:5)
  Sigmund (D:6)
  A wraith (D:8)
  A wyvern (D:8)
  Menkaure (D:6)
  Edmund (D:6)
  3 water moccasins
  Duvessa (D:6)
  2 orc warriors (D:7)
  A sky beast (D:6)
  An ice beast (D:8)
  A black bear (D:7)
  3 ogres (D:4)
  A centaur (D:8)
  2 bullfrogs (D:6)
  5 scorpions
  5 gnoll sergeants
  A water moccasin zombie (D:6)
  A wyvern zombie (D:3)
  Dowan (D:6)
  A water moccasin skeleton (D:5)
  A howler monkey (D:5)
  2 bullfrog skeletons
  A bullfrog zombie (D:5)
  A centaur zombie (D:7)
  5 hounds
  3 jellies
  A centaur skeleton (D:7)
  4 orc priests
  Crazy Yiuf (D:6)
  3 iguanas
  5 orc wizards
  2 killer bee zombies
  2 hound zombies (D:5)
  2 hound skeletons
  A howler monkey zombie (D:8)
  8 adders
  19 gnolls
  A white imp (D:4)
  2 ufetubi
  An adder skeleton (D:4)
  An adder zombie (D:5)
  A worm (D:2)
  5 dart slugs
  21 orcs
  9 ball pythons
  3 bats (D:1)
  4 endoplasms
  A giant cockroach (D:3)
  8 goblins
  13 hobgoblins
  10 jackals
  6 quokkas
  4 frilled lizards
  6 kobolds
  5 rats
199 creatures vanquished.

Vanquished Creatures (others)
  22 foxfires
  16 plants (D:8)
38 creatures vanquished.

Grand Total: 237 creatures vanquished

Notes
Turn   | Place    | Note
-------+----------+-------------------------------------------
     0 | D:1      | nickcage the Deep Elf Fire Elementalist began the quest for
                  | the Orb.
     0 | D:1      | Reached XP level 1. HP: 10/10 MP: 6/6
   248 | D:1      | Reached XP level 2. HP: 14/15 MP: 6/8
   251 | D:1      | Learned a level 2 spell: Scorch
   266 | D:1      | Found a faded altar of an unknown god.
   416 | D:1      | Reached skill level 4 in Fire Magic
   835 | D:1      | Reached XP level 3. HP: 19/19 MP: 6/9
   946 | D:1      | Found Xunar's Distillery.
  1023 | D:1      | Learned a level 3 spell: Conjure Flame
  1164 | D:2      | Found a hide-covered altar of Uskayaw.
  1952 | D:2      | Reached skill level 5 in Fire Magic
  1952 | D:2      | Reached XP level 4. HP: 24/24 MP: 5/10
  2958 | D:3      | Reached skill level 6 in Fire Magic
  3051 | D:3      | Reached XP level 5. HP: 17/28 MP: 0/11
  3403 | D:4      | Found Yrobaifi's General Store.
  3406 | D:4      | Bought a +1 pair of gloves of dexterity for 198 gold pieces
  3538 | D:4      | Noticed an ogre
  3547 | D:4      | Killed an ogre
  3548 | D:4      | Reached skill level 7 in Fire Magic
  3548 | D:4      | Reached XP level 6. HP: 32/32 MP: 0/12
  3773 | D:4      | Reached skill level 8 in Fire Magic
  3822 | D:4      | Learned a level 4 spell: Flame Wave
  3882 | D:4      | Reached XP level 7. HP: 36/36 MP: 3/14
  4358 | D:5      | Entered Level 5 of the Dungeon
  4460 | D:5      | Noticed Prince Ribbit
  5138 | D:4      | Reached skill level 5 in Spellcasting
  5195 | D:4      | Learned a level 3 spell: Mephitic Cloud
  5797 | D:5      | Killed Prince Ribbit
  5798 | D:5      | Reached skill level 9 in Fire Magic
  5798 | D:5      | Reached skill level 1 in Poison Magic
  5798 | D:5      | Reached XP level 8. HP: 41/41 MP: 10/19
  6443 | D:5      | Reached skill level 10 in Fire Magic
  6753 | D:5      | Found a shimmering blue altar of Sif Muna.
  7039 | D:6      | Noticed Duvessa
  7039 | D:6      | Noticed Dowan
  7581 | D:6      | Killed Duvessa
  7584 | D:6      | Killed Dowan
  7848 | D:6      | Found a runed translucent door.
  7849 | D:6      | Noticed Crazy Yiuf
  7856 | D:6      | Killed Crazy Yiuf
  8138 | D:6      | Reached skill level 11 in Fire Magic
  8170 | D:6      | Reached XP level 9. HP: 45/45 MP: 6/20
  8202 | D:6      | Noticed Sigmund
  8207 | D:6      | Killed Sigmund
  8208 | D:6      | Reached skill level 5 in Conjurations
  8375 | D:6      | Noticed Menkaure
  8380 | D:6      | Killed Menkaure
  8585 | D:6      | Found a staircase to the Ecumenical Temple.
  8619 | Temple   | Entered the Ecumenical Temple
  8626 | Temple   | Became a worshipper of Vehumet
  8660 | D:6      | Noticed Edmund
  8666 | D:6      | Killed Edmund
  8667 | D:6      | Reached skill level 12 in Fire Magic
 10064 | D:7      | Reached skill level 13 in Fire Magic
 10366 | D:8      | Noticed a gargoyle
 10367 | D:8      | Noticed a gargoyle
 10741 | D:8      | Identified the +9 flail of Res Faarph {speed, rN+++ rCorr
                  | MP-9 Dex-5}
 11657 | D:8      | Reached * piety under Vehumet
 11657 | D:8      | Offered knowledge of Freeze by Vehumet.
 11741 | D:8      | Reached XP level 10. HP: 26/50 MP: 4/21
 11741 | D:8      | Killed a gargoyle
 11949 | D:8      | Reached skill level 14 in Fire Magic
 12290 | D:8      | Killed a gargoyle
 12548 | D:8      | Noticed a gargoyle
 12550 | D:8      | Noticed a gargoyle
 12554 | D:8      | Killed from afar by a gargoyle

Illustrated notes

Levels and vault maps discovered:
D:1:      psy_arrival_fountain, layout_basic, serial_shops, nicolae_square_shop,
          basic_ecumenical_altar, minmay_misc_feat_rugged
D:2:      layout_loops_ring, basic_altar, minmay_quantized
D:3:      layout_basic
D:4:      layout_basic, serial_shops, nicolae_shop_behind_doors,
          roderic_roman_lattice, minmay_starry_boxes
D:5:      layout_cave_pools, mainiacjoe_overflow_alcove_4,
          minmay_fractal_squares_diagonal_5, uniq_prince_ribbit1
D:6:      layout_basic, minmay_temple_entry_stoned_glass, uniq_edmund,
          uniq_sigmund, uniq_menkaure, uniq_duvessa, uniq_crazy_yiuf_cottage
D:7:      layout_gridville, grunt_ministairs_5
D:8:      cheibrodos_statue_roulette, layout_rooms, nicolae_grassy_gnolls
Temple:   nicolae_temple_no_exploring_needed

Skill      XL: |  1  2  3  4  5  6  7  8  9 10 |
---------------+-------------------------------+-----
Fire Magic     | 4 5 6 7 8 9 11 13 14 | 14.4
Conjurations   | 2 3 4 6 |  6.8
Spellcasting   | 6 |  6.1
Poison Magic   | 1 2 |  2.0
Dodging        | |  2.4
Stealth        | |  2.4

Action                   |  1- 3 |  4- 6 |  7- 9 | 10-12 || total
-------------------------+-------+-------+-------+-------++-------
Melee: Unarmed           |     3 |       |       |       ||     3
       Dagger            |     7 |    16 |       |       ||    23
       Short sword       |       |     1 |    10 |       ||    11
       Flail             |       |       |     3 |       ||     3
 Cast: Foxfire           |     8 |     5 |     1 |       ||    14
       Scorch            |    36 |    56 |   207 |    32 ||   331
       Conjure Flame     |       |     1 |     3 |     1 ||     5
       Flame Wave        |       |       |     3 |       ||     3
       Mephitic Cloud    |       |       |     1 |       ||     1
  Use: Scroll            |       |       |    17 |       ||    17
       Potion            |       |       |     1 |       ||     1
 Stab: Sleeping          |     1 |       |     1 |       ||     2
Armor: Robe              |     5 |     8 |    42 |     1 ||    56
Dodge: Dodged            |     7 |    19 |   102 |     8 ||   136
